 Dungeon Crawl Stone Soup version 0.30-a0-269-gf0224bf7b6 (webtiles) character file.

Game seed: 10640620308464610495

103 Darkkill the Shooter (level 5, 0/40 HPs)
             Began as a Human Hunter on Oct 14, 2022.
             Slain by a gnoll
             ... wielding a +0 spear
              (5 damage)
             ... on level 2 of the Dungeon.
             The game lasted 00:01:06 (1268 turns).

Darkkill the Shooter (Human Hunter)                 Turns: 1268, Time: 00:01:06

Health: 0/40       AC:  3    Str: 13    XL:     5   Next: 6%
Magic:  5/5        EV: 12    Int:  9    God:
Gold:   91         SH:  0    Dex: 17    Spells: 4/4 levels left

rFire   . . .      SeeInvis .    a - +0 shortbow
rCold   . . .      Faith    .    (shield currently unavailable)
rNeg    . . .      Spirit   .    c - +0 leather armour
rPois   .          Reflect  .    (no helmet)
rElec   .          Harm     .    (no cloak)
rCorr   .          Rampage  .    (no gloves)
Will    .....                    (no boots)
Stlth   ++........               (no amulet)
HPRegen 0.26/turn                (no ring)
MPRegen 0.09/turn                (no ring)

@: no status effects
A: no striking features
a: no special abilities


You were on level 2 of the Dungeon.
You visited 1 branch of the dungeon, and saw 2 of its levels.

You collected 91 gold pieces.

Inventory:

Hand Weapons
 a - a +0 shortbow (weapon)
Missiles
 d - 20 stones
 m - 2 throwing nets {=f !f}
Armour
 c - a +0 leather armour (worn)
 k - a +0 helmet
 p - a +0 helmet
Scrolls
 b - a scroll of immolation
 e - a scroll of fear {unknown}
 i - a scroll of identify {unknown}
 n - a scroll of enchant weapon {unknown}
 o - a scroll of vulnerability {unknown}
 q - 2 scrolls of noise {unknown}
Potions
 f - 2 potions of invisibility {unknown}
 g - 4 potions of mutation {unknown}
 h - a potion of berserk rage {unknown}
 j - a potion of lignification {unknown}
 l - a potion of attraction {unknown}
 r - a potion of heal wounds {unknown}


   Skills:
 + Level 2.9 Fighting
 + Level 4.5 Ranged Weapons
 + Level 2.9 Dodging
 + Level 2.5 Stealth


You had 4 spell levels left.
You didn't know any spells.
Your spell library was empty.

Dungeon Overview and Level Annotations

Branches:
Dungeon (2/15)

Altars:


Message History

Things that are here:
a +0 club; a goblin corpse; a hobgoblin corpse
Things that are here:
a hobgoblin corpse; a hobgoblin corpse
Things that are here:
a +0 club; a hobgoblin corpse
p - a +0 helmet;
g - 4 lumpy emerald potions (gained 1)
Things that are here:
a +0 trident; a +0 animal skin
Things that are here:
a +0 dagger; a goblin corpse No target in view!
Found a stone staircase leading up.
q - 2 scrolls labelled KYBYKO YRAWOKH No target in view!
A ball python comes into view.
You shoot an arrow. The arrow hits the ball python.
You kill the ball python!
No target in view!
A dart slug comes into view.
A dart slug is nearby!
You shoot an arrow. The arrow hits the dart slug.
The dart slug is severely wounded.
A dart slug is nearby!
You shoot an arrow. The arrow hits the dart slug.
The dart slug is almost dead.
The dart slug launches a dart at you. The slug dart hits you.
A dart slug is nearby!
You shoot an arrow. The arrow hits the dart slug.
You kill the dart slug!
r - a sapphire potion No target in view!
Found a stone staircase leading down.
A hobgoblin and 2 gnolls come into view.
You shoot an arrow.
The arrow hits the hobgoblin but does no damage.
The hobgoblin shouts!
The gnoll shouts!
You hear an angry hiss.
There are monsters nearby!
You shoot an arrow. The gnoll shouts!
The arrow hits the hobgoblin.
The hobgoblin is almost dead.
A gnoll comes into view. It is wielding a +0 spear.
There are monsters nearby!
There are monsters nearby!
You shoot an arrow. The arrow hits the hobgoblin!
You kill the hobgoblin!
A bat comes into view.
A rat comes into view.
The bat moves out of view.
You shoot an arrow. The arrow closely misses the gnoll.
There are monsters nearby!
You shoot an arrow. The arrow barely misses the gnoll.
There are monsters nearby!
You shoot an arrow. The arrow hits the gnoll.
The gnoll is lightly wounded.
The gnoll hits you with a +0 club.
There are monsters nearby!
You shoot an arrow. The arrow hits the gnoll.
The gnoll is moderately wounded.
The gnoll barely misses you.
The gnoll hits you from afar with a +0 spear.
There are monsters nearby!
You shoot an arrow. The arrow hits the gnoll!
The gnoll is severely wounded.
The bat hits you but does no damage. The bat closely misses you.
The gnoll barely misses you. The gnoll hits you with a +0 club.
There are monsters nearby!
You shoot an arrow. The arrow hits the gnoll.
You kill the gnoll!
The bat misses you. The bat hits you but does no damage.
The gnoll hits you from afar with a +0 spear.
The bat hits you.
The gnoll hits you from afar with a +0 spear.
The rat twitches its whiskers.
You have reached level 5!
You are too injured to fight recklessly!
You are too injured to fight recklessly!
You are too injured to fight recklessly!
The bat misses you.
The gnoll hits you from afar with a +0 spear.
The bat hits you but does no damage. The bat closely misses you.
The gnoll barely misses you.
You see here a +0 club.
You shoot an arrow. The arrow hits the gnoll.
The gnoll is moderately wounded.
The bat barely misses you. The gnoll barely misses you.
You shoot an arrow. The arrow barely misses the gnoll.
The arrow barely misses the rat.
The arrow closely misses the gnoll.
The bat hits you but does no damage. The gnoll hits you with a +0 spear.
* * * LOW HITPOINT WARNING * * *
You shoot an arrow. The arrow hits the gnoll!
The gnoll is severely wounded.
The gnoll closely misses you.
You shoot an arrow. The arrow closely misses the gnoll.
The arrow hits the rat.
You kill the rat!
The bat hits you but does no damage. The gnoll hits you with a +0 spear.
* * * LOW HITPOINT WARNING * * *
The gnoll hits you from afar with a +0 spear.
You die...

#.............###.##.#
#...######....# #.##.#
###.# #†#.## #.##.#
#.# #.#.# ##.##.# #.#
#.#.# #..##.# #.#
#.#.# #.###.# #.#
#.#.###.###.##
#.........b..#
#.#.###@##...#
#g##...# #g##..##
#.##..# ..##..#
#.##.># ..##..# '##


You could see 2 gnolls and a bat.

Vanquished Creatures
  Natasha (D:2)
  Robin (D:2)
  A gnoll (D:2)
  An adder (D:2)
  A worm (D:2)
  A dart slug (D:2)
  2 ball pythons
  7 endoplasms
  4 goblins
  10 hobgoblins
  4 bats
  3 frilled lizards
  A kobold (D:2)
  8 rats
45 creatures vanquished.

Notes
Turn   | Place    | Note
-------+----------+-------------------------------------------
     0 | D:1      | Darkkill the Human Hunter began the quest for the Orb.
     0 | D:1      | Reached XP level 1. HP: 16/16 MP: 1/1
   178 | D:1      | Found a faded altar of an unknown god.
   231 | D:1      | Reached XP level 2. HP: 22/22 MP: 2/2
   820 | D:2      | Noticed Natasha
   824 | D:2      | Noticed a crimson imp
   827 | D:2      | Killed Natasha
   828 | D:2      | Reached XP level 3. HP: 14/28 MP: 3/3
   976 | D:2      | Reached XP level 4. HP: 34/34 MP: 4/4
  1101 | D:2      | Noticed Robin
  1114 | D:2      | Killed Robin
  1263 | D:2      | Reached XP level 5. HP: 19/40 MP: 5/5
  1268 | D:2      | HP: 5/40 [gnoll/+0 spear (5)]
  1268 | D:2      | Slain by a gnoll

Illustrated notes

Levels and vault maps discovered:
D:1:      roderic_octagonal_star, layout_loops_ring,
          ebering_ecumenical_altar_hall
D:2:      minmay_inner_zag, layout_loops_ring, kennysheep_generic_room_3,
          uniq_robin, uniq_natasha

Skill      XL: |  1  2 |
---------------+-------+-----
Stealth        | 2 |  2.5
Fighting       | |  2.9
Ranged Weapons | |  4.5
Dodging        | |  2.9

Action                   |  1- 3 |  4- 6 || total
-------------------------+-------+-------++-------
 Fire: Shortbow          |    55 |    70 ||   125
Armor: Leather armour    |     5 |    15 ||    20
Dodge: Dodged            |    11 |    47 ||    58

Table legend: (Time is in decaauts)
 A = Elapsed time spent in this place.
 B = Non-inter-level travel time spent in this place.
 C = Inter-level travel time spent in this place.
 D = Time resting spent in this place.
 E = Time spent auto-exploring this place.
 F = Levels seen in this place.
 G = Mean time per level.
                   A        B        C        D        E       F      G
               +--------+--------+--------+--------+--------+-----+--------+
         Total |   1308 |   1284 |     24 |      0 |   1050 |   2 |  654.0 |
       Dungeon |   1308 |   1284 |     24 |      0 |   1050 |   2 |  654.0 |
               +--------+--------+--------+--------+--------+-----+--------+

Top non-repeatable levels by time:
     D:1: 705 daAuts
     D:2: 602 daAuts

Table legend:
 A = Kills in this place as a percentage of kills in entire the game.
 B = Kills by you in this place as a percentage of kills by you in the entire game.
 C = Kills by friends in this place as a percentage of kills by friends in the entire game.
 D = Other kills in this place as a percentage of other kills in the entire game.
 E = Experience gained in this place as a percentage of experience gained in the entire game.
 F = Experience gained in this place divided by the number of levels of this place that you have seen.
                   A       B       C       D       E      F
               +-------+-------+-------+-------+-------+----------------------
         Total | 100.0 | 100.0 |   N/A |   N/A | 100.0 |  74.5
       Dungeon | 100.0 | 100.0 |   N/A |   N/A | 100.0 |  74.5
               +-------+-------+-------+-------+-------+----------------------
